Map: Thunderbird LE

Players

YoY

  • Race: Protoss Protoss
  • Spawn Location: 11:00

DarwinAwdWnr - Winner!

  • Race: Zerg Zerg
  • League: Gold
  • Spawn Location: 5:00

VOD

Have the link to the VOD?

Description

Time

  • Played on: June 24, 2019, 9:27 a.m.
  • Length: 12:37
Show
View Real Time Build Order
Export as new Build Order

YoY Protoss 

Build Orders: 1 Gate Expand, Oracle Opening 

Get SALT Encoding   

  12  0:03  Probe  
  13  0:16  Pylon  
  13  0:19  Probe  
  14  0:31  Probe  
  15  0:40  Gateway  
  15  0:44  Probe  
  16  0:50  Assimilator  
  16  0:54  Probe  
  16  0:55  Pylon  
  17  1:05  Probe  
  18  1:17  Probe  
  19  1:35  Nexus  
  19  1:47  Cybernetics Core  
  19  1:51  Assimilator  
  19  1:54  Probe  
  20  2:01  Pylon  
  20  2:06  Probe  
  21  2:12  Pylon  
  21  2:13  Adept  
  23  2:34  Stargate  
  23  2:41  Warp Gate  
  23  2:48  Probe  
  23  2:49  Gateway  
  23  2:56  Probe  
  25  3:03  Adept  
  27  3:10  Oracle  
  27  3:16  Shield Battery  
  30  3:34  Probe x2  
  32  3:46  Oracle  
  32  3:49  Probe  
  32  3:50  Probe  
  34  4:02  Probe  
  38  4:03  Probe  
  38  4:09  Stargate  
  39  4:12  Probe  
  39  4:13  Pylon  
  39  4:14  Probe  
  41  4:20  Probe, Assimilator  
  41  4:22  Assimilator  
  42  4:25  Phoenix  
  42  4:35  Probe x2  
  46  4:45  Twilight Council  
  46  4:51  Adept  
  46  4:52  Adept  
  50  4:53  Probe  
  50  4:54  Probe  
  52  5:04  Phoenix  
  52  5:06  Probe x2  
  54  5:12  Phoenix  
  56  5:18  Probe x2  
  60  5:29  Pylon  
  60  5:30  Probe x2  
  60  5:31  Pylon  
  62  5:47  Probe x2, Pylon  
  64  6:05  Stalker x2  
  63  6:36  Probe x2  
  65  6:42  Stalker x2  
  53  7:11  Phoenix x2  
  53  7:15  Nexus  
  48  7:27  Probe x2  
  50  7:31  Phoenix  
  50  7:34  Stalker  
  50  7:35  Stalker  
  56  7:39  Robotics Facility  
  56  7:41  Gateway  
  56  7:44  Gateway  
  56  7:46  Gateway  
  56  7:52  Phoenix  
  56  7:56  Forge  
  56  7:57  Pylon  
  58  8:21  Stalker x2  
  56  8:30  Probe x2  
  56  8:32  Probe  
  57  8:39  Assimilator  
  57  8:42  Probe, Observer  
  57  8:43  Assimilator  
  58  8:53  Phoenix x2  
  63  8:58  Immortal, Stalker  
  63  8:59  Stalker  
  65  9:16  Stalker x3  
  71  9:23  Phoenix x2  
  75  9:25  Probe x2  
  77  9:36  Probe  
  77  9:37  Probe  
  79  9:48  Phoenix x2  
  83  10:15  Probe  
  83  10:16  Probe x2  
  86  10:28  Probe x3  
  89  10:29  Assimilator, Charge  
  89  10:37  Probe, Nexus  
  89  10:39  Pylon  
  89  10:41  Probe x2  
  89  10:42  Assimilator  
  92  10:44  Assimilator  
  92  10:52  Immortal  
  92  10:55  Probe  
  96  10:57  Probe  
  98  11:11  Probe x2  
  100  11:12  Stalker  
  100  11:13  Stalker  
  100  11:35  Stalker  
  102  11:48  Pylon  
  102  11:49  Probe x2  
  102  11:51  Pylon  
  102  11:53  Pylon  
Show
View Real Time Build Order
Export as new Build Order

DarwinAwdWnr Zerg - Winner!

Build Orders: Pool First, Swarm Host 

Get SALT Encoding   

  12  0:01  Drone  
  13  0:10  Drone  
  14  0:21  Overlord  
  14  0:39  Drone x2  
  16  0:57  Extractor  
  16  0:59  Spawning Pool  
  14  1:10  Hatchery  
  13  1:29  Drone  
  13  1:30  Drone x2  
  16  1:48  Zergling x2  
  16  1:49  Queen  
  19  2:01  Metabolic Boost  
  19  2:10  Drone x2  
  21  2:54  Drone x6  
  27  3:01  Queen  
  27  3:02  Hatchery  
  28  3:10  Overlord  
  26  3:35  Drone x5  
  26  3:36  Drone x2  
  32  3:56  Lair  
  32  3:57  Extractor  
  31  4:06  Zergling x10  
  36  4:11  Overlord x2  
  36  4:22  Queen  
  38  4:41  Drone x10  
  48  4:46  Overlord  
  46  4:57  Queen  
  48  5:05  Infestation Pit  
  47  5:08  Nydus Network  
  47  5:11  Queen  
  48  5:26  Drone  
  48  5:27  Drone x9  
  58  5:48  Nydus Canal  
  53  5:58  Spore Crawler  
  53  6:02  Spore Crawler  
  42  6:06  Swarm Host x4  
  42  6:07  Swarm Host  
  55  6:25  Nydus Canal  
  53  7:03  Overlord x3  
  53  7:33  Pneumatized Carapace  
  53  7:42  Swarm Host x6  
  71  7:52  Drone x3  
  71  7:57  Nydus Canal  
  65  8:28  Swarm Host  
  65  8:29  Swarm Host x2  
  65  8:32  Extractor  
  65  8:33  Drone  
  65  8:34  Overlord x3, Extractor  
  73  9:09  Swarm Host x3  
  76  9:11  Drone  
  76  9:12  Drone x9  
  92  9:35  Drone  
  91  10:01  Spire  
  90  10:11  Overlord x3  
  90  10:12  Queen  
  90  10:19  Extractor  
  90  10:20  Queen, Extractor  
  90  10:21  Spore Crawler  
  89  10:29  Queen  
  91  10:45  Nydus Canal  
  91  11:04  Queen  
  93  11:16  Corruptor x9  
  111  11:43  Nydus Canal  
  111  11:45  Overlord x2, Corruptor  
Tags
 
Add a new tag
Caveats
  • Supply blocks, unpowered buildings, or Contaminate may cause inaccurate times.
  • Supply counts are checked every 10 seconds.